[Event "Team 45 45 League T33"]
[Site "Internet Chess Club"]
[Date "2007.04.22"]
[Round "1"]
[White "k009ris"]
[Black "izit"]
[Result "1-0"]
[WhiteElo "2227"]
[BlackElo "2151"]
[ECO "E61"]
[TimeControl "2700+45"]

1. d4 Nf6 2. c4 g6 3. Nc3 Bg7 4. Bg5 h6 5. Bh4 d6 6. Nf3 Bf5 7. e3 O-O 8. Bd3
Bxd3 9. Qxd3 Nc6 10. O-O-O a6 11. Bxf6 Bxf6 12. h4 e5 13. d5 Nb4 14. Qb1 a5 15.
h5 g5 16. Qf5 Bg7 17. Ne4 Qc8 18. Nf6+ Bxf6 19. Qxf6 Kh7 20. a3 Na6 21. Nh2 Nc5
22. f3 Qd8 23. Qf5+ Kg7 24. Ng4 Nd7 25. e4 Nf6 26. Ne3 Qd7 27. g3 Qxf5 28. Nxf5+
Kh7 29. g4 Nd7 30. b3 Nc5 31. Kc2 a4 32. b4 Nb3 33. Rd3 Ra7 34. Rhd1 Rfa8 35.
Rc3 b6 36. Kb2 Re8 37. Rdd3 Rb7 38. Ng3 Nd4 39. Rxd4 exd4 40. Rd3 Kg7 41. Nf5+
Kf6 42. Nxh6 Rbb8 43. Nf5 Ke5 44. Nxd4 Kf4 45. Kc3 Rh8 46. Nb5 Rbc8 47. Kd4 Rh6
48. Nc3 Kg3 49. Ke3 f5 50. e5 dxe5 51. gxf5 Rxh5 52. Ne4+ Kh3 53. c5 bxc5 54.
bxc5 Rb8 55. d6 cxd6 56. cxd6 Kh4 57. d7 Rhh8 58. Nf6 Rhd8 59. Ng4 Rb3 60. Nxe5
Kg3 61. f6 Rxd3+ 62. Kxd3 Kf4 63. Kd4 Kf5 64. f7 Ke6 65. Nc6 Rxd7+ 66. Kc5 Rxf7
67. Nd8+ Ke7 68. Nxf7 Kxf7 69. Kb4 Ke6 70. Kxa4 Ke5 71. Kb4 Kf4 72. a4 Kxf3 73.
a5 g4 74. a6 g3 75. a7 g2 76. a8=Q+ Kf2 77. Qf8+ Ke1 78. Qg7 Kf1 79. Qf6+ Ke1
80. Qg5 Kf1 81. Qf4+ Ke1 82. Qg3+ Kf1 83. Qf3+ Kg1 84. Kc3 Kh2 85. Qh5+ Kg3 86.
Qg5+ Kf2 87. Qf4+ Ke1 88. Qg3+ Kf1 89. Qf3+ Kg1 90. Kd3 Kh2 91. Qf4+ Kh3 92. Qf2
Kh2 93. Qh4+ Kg1 94. Ke3 Kf1 95. Qf2# {Black checkmated} 1-0

[Event "Team 45 45 League T33"]
[Site "Internet Chess Club"]
[Date "2007.04.21"]
[Round "1"]
[White "jonesey"]
[Black "OOOoooOOO"]
[Result "0-1"]
[WhiteElo "1953"]
[BlackElo "2115"]
[ECO "B07"]
[TimeControl "2700+45"]

1. e4 d6 2. d4 Nf6 3. f3 c5 4. d5 g6 5. Be3 Bg7 6. h4 Nh5 7. Qc1 Qb6 8. Nc3 Ng3
9. Rh2 Be5 10. Bb5+ Nd7 11. Bxd7+ Bxd7 12. f4 Bxc3+ 13. bxc3 Nxe4 14. Ne2 Bg4
15. Rb1 Qa6 {White resigns} 0-1

[Event "Team 45 45 League T33"]
[Site "Internet Chess Club"]
[Date "2007.04.19"]
[Round "1"]
[White "martineden"]
[Black "trivialpursuit"]
[Result "0-1"]
[WhiteElo "1985"]
[BlackElo "1983"]
[ECO "E63"]
[TimeControl "2700+45"]

1. d4 Nf6 2. c4 g6 3. Nf3 Bg7 4. g3 O-O 5. Bg2 d6 6. O-O Nc6 7. Nc3 a6 8. Bg5 h6
9. Bxf6 Bxf6 10. e4 Bg4 11. Ne2 Na5 12. b3 c5 13. Qd2 Kh7 14. Rad1 Nc6 15. dxc5
dxc5 16. Qf4 Qc8 17. Rd5 Nb4 18. Rd2 Bxf3 19. Qxf3 Bg5 20. Nf4 Nc6 21. h4 Bxf4
22. gxf4 Nd4 23. Qe3 Qg4 24. Kh2 Qxh4+ 25. Bh3 Rad8 26. Rfd1 Qh5 27. Kg2 e5 28.
fxe5 Qxe5 29. f4 Qe7 30. Re1 Rde8 31. Kg3 Qc7 32. Rh2 h5 33. Bg4 Kg7 34. Bd1
Nf5+ {White resigns} 0-1

[Event "Team 45 45 League T33"]
[Site "Internet Chess Club"]
[Date "2007.04.22"]
[Round "1"]
[White "clarnibass"]
[Black "TrickyBishop"]
[Result "1-0"]
[WhiteElo "1713"]
[BlackElo "1632"]
[ECO "B30"]
[TimeControl "2700+45"]

1. e4 c5 2. Nf3 Nc6 3. Bb5 e6 4. O-O d6 5. c3 Nf6 6. Re1 e5 7. Bxc6+ bxc6 8. d4
exd4 9. cxd4 cxd4 10. Qxd4 Be7 11. e5 dxe5 12. Qxd8+ Bxd8 13. Nxe5 O-O 14. Nxc6
Bb7 15. Nxd8 Rfxd8 16. Nc3 Rac8 17. Bg5 Rc6 18. Rad1 Rxd1 19. Rxd1 h6 20. Bxf6
Rxf6 21. Rd7 Rb6 22. b3 Rc6 23. Rxb7 Rxc3 24. g3 a5 25. Rb8+ Kh7 26. Rb5 a4 27.
bxa4 Ra3 28. a5 Rxa2 29. Kg2 Ra3 30. h4 g6 31. g4 Kg7 32. f3 Ra2+ 33. Kg3 Ra4
34. Kf2 Ra2+ 35. Ke3 Ra3+ 36. Ke4 Ra4+ 37. Kd5 Rf4 38. a6 Rxf3 39. Ra5 f5 40. a7
fxg4 41. a8=Q Rf5+ 42. Ke4 Rxa5 43. Qxa5 Kf6 44. Qb6+ Kg7 {Black resigns} 1-0

[Event "Team 45 45 League T33"]
[Site "Internet Chess Club"]
[Date "2007.04.22"]
[Round "1"]
[White "Theodulf"]
[Black "Pierrekurdy"]
[Result "0-1"]
[WhiteElo "1703"]
[BlackElo "1637"]
[ECO "B07"]
[TimeControl "2700+45"]

1. e4 d6 2. d4 Nf6 3. Nc3 g6 4. Bg5 c6 5. f4 Bg7 6. Nf3 c5 7. dxc5 Qa5 8. Bxf6
Bxf6 9. e5 dxe5 10. fxe5 Bg7 11. Bb5+ Bd7 12. Bxd7+ Nxd7 13. Qd5 Nxc5 14. O-O-O
O-O 15. Ne4 Rac8 16. Kb1 Rfd8 17. Qc4 Ne6 18. Qb3 Qc7 19. Rhf1 b5 20. Rxd8+ Nxd8
21. Neg5 e6 22. Re1 h6 23. Nh3 a5 24. Nf2 a4 25. Qd3 Nb7 26. Qe2 Na5 27. Nd3 Nc4
28. Nb4 Qa5 29. a3 Qb6 30. Ka2 Bf8 31. Nd3 b4 32. axb4 Bxb4 33. c3 Be7 34. Qf2
Qb3+ 35. Ka1 a3 36. Nd4 axb2+ 37. Nxb2 Ra8+ 38. Kb1 Qa2+ 39. Kc1 Bg5+ 40. Kd1
Nxb2+ 41. Ke2 Nc4+ 42. Kf1 Bd2 43. Rd1 Ne3+ 44. Ke2 Nxd1 45. Kxd1 Qb1+ 46. Ke2
Bxc3 {White resigns} 0-1

[Event "Team 45 45 League T33"]
[Site "Internet Chess Club"]
[Date "2007.04.19"]
[Round "1"]
[White "Lyko"]
[Black "OldBoy"]
[Result "0-1"]
[WhiteElo "1530"]
[BlackElo "1547"]
[ECO "C43"]
[TimeControl "2700+45"]

1. e4 e5 2. Nf3 Nf6 3. d4 Be7 4. Nc3 exd4 5. Qxd4 O-O 6. e5 Re8 7. Bd3 d6 8. Qh4
dxe5 9. Nxe5 Be6 10. O-O Nbd7 11. Nxd7 Qxd7 12. Bg5 Bf5 13. Rad1 c6 14. Be2 Qc7
15. Bf4 Qc8 16. Bd6 Bxd6 17. Rxd6 Ne4 18. Nxe4 Rxe4 19. Rd8+ Qxd8 20. Qxd8+ Rxd8
21. Bd3 Re5 22. f4 Red5 23. Be2 Bxc2 24. g4 Bd3 25. Bxd3 Rxd3 26. Kg2 Rd2+ 27.
Kg3 Rxb2 28. Re1 Kf8 29. f5 Rdd2 30. h3 Re2 31. Rd1 Rbd2 32. Rf1 f6 33. h4 c5
34. g5 Kf7 35. gxf6 Kxf6 36. Kg4 b5 37. a3 b4 38. axb4 cxb4 39. Rb1 a5 40. Ra1
Ra2 41. Rc1 Rac2 42. Ra1 Rc5 43. Rf1 b3 44. Rd1 Rc6 45. Rb1 a4 46. Ra1 Ra2 47.
Rb1 b2 {White resigns} 0-1

[Event "Team 45 45 League T33"]
[Site "Internet Chess Club"]
[Date "2007.04.19"]
[Round "1"]
[White "Invicta-Knight"]
[Black "Queen"]
[Result "0-1"]
[WhiteElo "1519"]
[BlackElo "1578"]
[ECO "B23"]
[TimeControl "2700+45"]

1. e4 c5 2. Nc3 Nc6 3. f4 e6 4. Nf3 d5 5. Bb5 Ne7 6. exd5 exd5 7. Qe2 Bg4 8. O-O
a6 9. Bxc6+ bxc6 10. b3 Qd6 11. d3 O-O-O 12. Qe5 Ng6 13. Qxd6 Bxd6 14. h3 Bxf3
15. Rxf3 Rhe8 16. Bd2 Re7 17. Re1 Rxe1+ 18. Bxe1 Re8 19. Bg3 f5 20. Kf1 Kd7 21.
Na4 h5 22. c4 a5 23. Nb6+ Kc7 24. Na4 Kd7 25. Nb6+ Kc7 26. Na4 Kb7 27. Nc3 h4
28. Bh2 d4 29. Ne2 Re3 30. Kf2 Re6 31. g3 Be7 32. Ng1 hxg3+ 33. Bxg3 Nh4 34.
Bxh4 Bxh4+ 35. Rg3 Bxg3+ 36. Kxg3 Re3+ 37. Kf2 Rxd3 38. Ke2 Rg3 39. Kf2 d3 40.
Nf3 Rxh3 41. Nd2 Kc7 42. Kg2 Re3 43. Kf2 Re2+ {White resigns} 0-1

[Event "Team 45 45 League T33"]
[Site "Internet Chess Club"]
[Date "2007.04.19"]
[Round "1"]
[White "parrot9"]
[Black "twinders"]
[Result "1-0"]
[WhiteElo "1697"]
[BlackElo "1662"]
[ECO "B90"]
[TimeControl "2700+45"]

1. e4 c5 2. Nf3 d6 3. d4 cxd4 4. Nxd4 Nf6 5. Nc3 a6 6. f3 Nc6 7. Be3 Qc7 8. Qd2
g6 9. g4 Bg7 10. O-O-O Nxd4 11. Bxd4 b5 12. Bd3 O-O 13. h4 Bb7 14. h5 b4 15. Nd5
Bxd5 16. exd5 Nxd5 17. Bxg7 Kxg7 18. hxg6 fxg6 19. Qh6+ Kf6 20. Rhe1 Rh8 21. Be4
e6 22. Bxd5 exd5 23. Qf4+ Kg7 24. Qd4+ Kh6 25. Rh1+ Kg5 26. Qxd5+ Kf6 27. g5+
Ke7 28. Rhe1+ Kd7 29. Qf7+ Kc6 30. Qc4+ Kd7 31. Qe6+ Kc6 32. Re4 Kb5 33. Rd5+
Ka4 34. Rxd6 a5 35. Qb3+ Kb5 36. Re5+ Qc5 37. Rxc5+ Kxc5 38. Qd5# {Black
checkmated} 1-0

[Event "Team 45 45 League T33"]
[Site "Internet Chess Club"]
[Date "2007.04.19"]
[Round "1"]
[White "Mikey29a"]
[Black "strudel"]
[Result "1-0"]
[WhiteElo "1655"]
[BlackElo "1422"]
[ECO "C60"]
[TimeControl "2700+45"]

1. e4 e5 2. Nf3 Nc6 3. Bb5 Nge7 4. O-O g6 5. d3 Bg7 6. Bg5 h6 7. Bh4 a6 8. Ba4
b5 9. Bb3 Na5 10. Nc3 c6 11. Ne2 O-O 12. c4 Nxb3 13. axb3 Re8 14. Bg3 d6 15. Qd2
Be6 16. Ra5 Kh7 17. Rfa1 Bc8 18. Bh4 Qb6 19. cxb5 cxb5 20. Nc3 Bb7 21. Bxe7 Rxe7
22. Nxb5 Rc8 23. Nc3 Rc5 24. Rxc5 Qxc5 25. Rc1 Qa5 26. Nd5 Qxd2 27. Nxd2 Bxd5
28. exd5 Bf8 29. Rc6 Ra7 30. Nc4 Rb7 31. Rb6 Rxb6 32. Nxb6 g5 33. Nd7 Be7 34.
Nb8 Kg8 35. Nxa6 Kf8 36. Kf1 f5 37. Ke2 Ke8 38. Kd2 Bd8 39. Kc3 Kd7 40. Kc4 Kc8
41. Kb5 Kb7 42. Nb4 Bf6 43. Nc6 e4 44. dxe4 fxe4 45. Kc4 Bxb2 46. Nd4 g4 47. Nf5
Kc7 48. Nxh6 g3 49. hxg3 Kd7 50. b4 Bf6 51. Ng4 Bd8 52. Kd4 {Black resigns} 1-0

[Event "Team 45 45 League T33"]
[Site "Internet Chess Club"]
[Date "2007.04.22"]
[Round "1"]
[White "mrmarck"]
[Black "Hastings"]
[Result "0-1"]
[WhiteElo "1392"]
[BlackElo "1370"]
[ECO "A31"]
[TimeControl "2700+45"]

1. d4 Nf6 2. c4 c5 3. Nf3 g6 4. e3 Bg7 5. Nc3 O-O 6. Be2 b6 7. O-O Bb7 8. Rb1
Ne4 9. Nxe4 Bxe4 10. Bd3 d5 11. dxc5 bxc5 12. Ng5 Bxd3 13. Qxd3 e6 14. f4 Nc6
15. cxd5 exd5 16. Qb5 Qb6 17. Qd3 Rad8 18. f5 Ne5 19. Qe2 Rd6 20. Bd2 Re8 21.
Kh1 Nc4 22. fxg6 Rxg6 23. Qh5 h6 24. Nxf7 Nxd2 25. Qxd5 Nxb1 26. Nd6+ Ree6 27.
Qa8+ Kh7 28. Rf7 Qxd6 {White resigns} 0-1

[Event "Team 45 45 League T33"]
[Site "Internet Chess Club"]
[Date "2007.04.22"]
[Round "1"]
[White "Avedldesierto"]
[Black "pokerram"]
[Result "1/2-1/2"]
[WhiteElo "1755"]
[BlackElo "1765"]
[ECO "B90"]
[TimeControl "2700+45"]

1. e4 c5 2. Nf3 d6 3. d4 cxd4 4. Nxd4 Nf6 5. Nc3 a6 6. Be3 e5 7. Nf5 Bxf5 8.
exf5 d5 9. Bg5 d4 10. Ne4 Qa5+ 11. Bd2 Qb6 12. Nxf6+ Qxf6 13. Qf3 Nc6 14. Bc4
Bd6 15. Bd5 Rc8 {Game drawn by mutual agreement} 1/2-1/2

[Event "Team 45 45 League T33"]
[Site "Internet Chess Club"]
[Date "2007.04.21"]
[Round "1"]
[White "AlterEgo"]
[Black "isolani"]
[Result "1-0"]
[WhiteElo "1575"]
[BlackElo "1668"]
[ECO "B07"]
[TimeControl "2700+45"]

1. e4 d6 2. d4 Nf6 3. Nc3 c6 4. Nf3 Bg4 5. Be2 e6 6. O-O Be7 7. e5 dxe5 8. dxe5
Qxd1 9. Rxd1 Nfd7 10. Bf4 g5 11. Nxg5 Bxe2 12. Nxe2 Na6 13. Ne4 O-O-O 14. Nd6+
Bxd6 15. exd6 Nb4 16. c4 {Black got disconnected and forfeits} 1-0

[Event "Team 45 45 League T33"]
[Site "Internet Chess Club"]
[Date "2007.04.22"]
[Round "1"]
[White "nanning"]
[Black "Valour"]
[Result "1-0"]
[WhiteElo "1597"]
[BlackElo "1440"]
[ECO "B34"]
[TimeControl "2700+45"]

1. e4 c5 2. Nf3 g6 3. d4 cxd4 4. Nxd4 Nc6 5. Nxc6 bxc6 6. Bc4 Nf6 7. Nc3 d6 8.
Be3 Bg7 9. f3 O-O 10. Qd2 Rb8 11. Bh6 Rxb2 12. Bxg7 Kxg7 13. Bb3 Qa5 14. Na4
Qxd2+ 15. Kxd2 Rxb3 16. axb3 Bd7 17. Nc3 Ra8 18. Ra5 a6 19. Na4 Bc8 20. Nb6 Rb8
21. Nxc8 Rxc8 22. Rxa6 c5 23. Ra7 Ng8 24. Rha1 f6 25. Rb7 Kf7 26. Raa7 Ke6 27.
Ke3 g5 28. g4 Re8 29. c3 Nh6 30. b4 cxb4 31. cxb4 Nf7 32. b5 Ne5 33. Rc7 d5 34.
Ra6+ Kf7 35. exd5 Rb8 36. b6 Ke8 37. b7 Kd8 38. d6 exd6 39. Rxh7 Nc4+ 40. Ke2 d5
41. Ra8 {Black resigns} 1-0

[Event "Team 45 45 League T33"]
[Site "Internet Chess Club"]
[Date "2007.04.21"]
[Round "1"]
[White "quotha"]
[Black "tryanything"]
[Result "1-0"]
[WhiteElo "1611"]
[BlackElo "1662"]
[ECO "C78"]
[TimeControl "2700+45"]

1. e4 e5 2. Nf3 Nc6 3. Bb5 a6 4. Ba4 Nf6 5. O-O b5 6. Bb3 Bc5 7. Nxe5 Nxe5 8. d4
Bd6 9. dxe5 Bxe5 10. f4 Nxe4 11. fxe5 O-O 12. Qd5 {Black resigns} 1-0

[Event "Team 45 45 League T33"]
[Site "Internet Chess Club"]
[Date "2007.04.21"]
[Round "1"]
[White "FiendAngelical"]
[Black "jacknor"]
[Result "1-0"]
[WhiteElo "1721"]
[BlackElo "1591"]
[ECO "B77"]
[TimeControl "2700+45"]

1. e4 c5 2. Nf3 Nc6 3. d4 cxd4 4. Nxd4 Nf6 5. Nc3 g6 6. Be3 d6 7. f3 Bg7 8. Qd2
O-O 9. Bc4 Na5 10. Bb3 Nxb3 11. axb3 a6 12. h4 b5 13. Ncxb5 Bb7 14. Nc3 e5 15.
Nde2 d5 16. exd5 Nxd5 17. Nxd5 Bxd5 18. O-O-O Be6 19. h5 Qxd2+ 20. Rxd2 Rfc8 21.
Nc3 Rab8 22. hxg6 hxg6 23. Kb1 Rd8 24. Rhd1 Rxd2 25. Rxd2 Bf8 26. Bg5 Bb4 27.
Bf6 Bxc3 28. bxc3 Bf5 29. Kb2 Re8 30. g4 Bc8 31. Rh2 {Black resigns} 1-0

[Event "Team 45 45 League T33"]
[Site "Internet Chess Club"]
[Date "2007.04.24"]
[Round "1"]
[White "BMAttack"]
[Black "Lazerpawn"]
[Result "0-1"]
[WhiteElo "1570"]
[BlackElo "1638"]
[ECO "A38"]
[TimeControl "2700+45"]

1. Nf3 Nf6 2. c4 c5 3. g3 g6 4. Bg2 Bg7 5. Nc3 Nc6 6. O-O O-O 7. Rb1 Rb8 8. a3
b6 9. d3 Bb7 10. Bf4 d6 11. Qd2 Re8 12. Bh6 Bh8 13. b4 Nd4 14. e4 e5 15. Bg5 Qd7
16. Bxf6 Bxf6 17. bxc5 dxc5 18. Nxd4 cxd4 19. Ne2 Be7 20. Qa2 Bc6 21. f4 f6 22.
fxe5 fxe5 23. Rf2 Rf8 24. Rbf1 Rxf2 25. Rxf2 Rf8 26. c5+ Kh8 27. Rxf8+ Bxf8 28.
cxb6 axb6 29. Qb3 Bc5 30. h4 Qe7 31. Kh2 Kg7 32. Ng1 Qf7 33. Qb2 Ba4 34. Nf3 Qb3
35. Qxb3 Bxb3 36. Nxe5 Bxa3 37. Bh3 b5 38. Bd7 b4 39. Nf3 Bb2 40. Nd2 Bc2 41.
Bb5 Bc3 42. Nf3 b3 43. Ba4 Bxd3 44. Bxb3 Bxe4 45. Ne5 d3 46. Nxd3 Bxd3 47. Bd1
Kf6 48. Bf3 Ke5 49. Kh3 Bf5+ 50. Kh2 Be6 51. Bg2 Kd4 52. Bf3 h5 53. Bd1 Ke3 54.
Kg2 Bd5+ 55. Kh3 Kf2 56. g4 Bg2+ 57. Kh2 Be5# {White checkmated} 0-1

[Event "Team 45 45 League T33"]
[Site "Internet Chess Club"]
[Date "2007.04.21"]
[Round "1"]
[White "Chessadelic"]
[Black "alaskauk"]
[Result "1-0"]
[WhiteElo "1404"]
[BlackElo "1504"]
[ECO "A03"]
[TimeControl "2700+45"]

1. f4 d5 2. Nf3 g6 3. e3 Bg7 4. Be2 c5 5. O-O Bd7 6. d3 Qb6 7. c3 Nh6 8. Qe1 Nc6
9. b3 d4 10. cxd4 cxd4 11. e4 O-O 12. Nbd2 Qc7 13. Nc4 b5 14. Nce5 Nxe5 15. fxe5
Bxe5 16. Nxe5 Qxe5 17. Bxh6 Rfc8 18. b4 Rc2 19. Bd1 Rc3 20. Qd2 Rac8 21. Bb3 Be6
22. Bf4 Qh5 23. Bd1 Qh4 24. Bg3 Rxd3 25. Qxd3 Qh6 26. Qxd4 a6 27. Bb3 Bc4 28.
Bxc4 bxc4 29. Rac1 Qf8 30. Rxc4 Rd8 31. Qc3 Qe8 32. Rc1 Qb5 33. Rc8 Qb6+ 34. Bf2
Qd6 35. Rxd8+ {Black resigns} 1-0

[Event "Team 45 45 League T33"]
[Site "Internet Chess Club"]
[Date "2007.04.24"]
[Round "1"]
[White "drancro"]
[Black "Ozgur-Bjk"]
[Result "1/2-1/2"]
[WhiteElo "2100"]
[BlackElo "2141"]
[ECO "B22"]
[TimeControl "2700+45"]

1. e4 c5 2. c3 Nf6 3. e5 Nd5 4. d4 cxd4 5. Qxd4 e6 6. Bc4 Nc6 7. Qe4 d6 8. exd6
Nf6 9. Qe2 Bxd6 10. Nf3 O-O 11. O-O Qc7 12. Bg5 Be7 13. Nbd2 b6 14. Bh4 Rd8 15.
Bg3 Bd6 16. Bxd6 Rxd6 17. Rad1 Bb7 18. Nb3 Rad8 19. Nfd4 Nxd4 20. Nxd4 Bd5 21.
Bb3 Bxb3 22. Nxb3 Qd7 23. Rxd6 Qxd6 24. h3 h6 25. Re1 Qd5 26. Qe5 Qxe5 27. Rxe5
Rd1+ 28. Kh2 Kf8 29. Re2 Ke7 30. Rd2 Rxd2 31. Nxd2 Kd6 32. Kg3 Kd5 33. Kf3 {Game
drawn by mutual agreement} 1/2-1/2

[Event "Team 45 45 League T33"]
[Site "Internet Chess Club"]
[Date "2007.04.22"]
[Round "1"]
[White "Ser-Enigma"]
[Black "Zebbile"]
[Result "0-1"]
[WhiteElo "2107"]
[BlackElo "2008"]
[ECO "D79"]
[TimeControl "2700+45"]

1. d4 d5 2. c4 c6 3. Nf3 Nf6 4. g3 g6 5. Bg2 Bg7 6. O-O O-O 7. cxd5 cxd5 8. Nc3
Nc6 9. Ne5 Qa5 10. a3 Be6 11. Nxc6 bxc6 12. b4 Qa6 13. Bg5 Rfe8 14. Re1 Bf5 15.
Bxf6 Bxf6 16. b5 Qa5 17. Rc1 Rac8 18. bxc6 Red8 19. e3 Rxc6 20. Nxd5 Rxc1 21.
Nxf6+ exf6 22. Qxc1 Rc8 23. Qa1 Rc3 24. e4 Rxa3 25. Qc1 Bd7 26. Bf1 Ra2 27. Kg2
f5 28. Bd3 Bc6 29. d5 Bxd5 30. Qe3 Bxe4+ 31. Bxe4 fxe4 32. Qxe4 Qb6 33. Re2 Rxe2
34. Qxe2 Qc6+ 35. f3 a5 36. Qd2 Qc5 37. h4 a4 38. g4 a3 39. g5 Qb6 40. Kg3 Qb2
41. Qd8+ Kg7 42. h5 gxh5 43. f4 a2 44. f5 Qe5+ 45. Kh4 a1=Q 46. f6+ Qxf6 47.
gxf6+ Qxf6+ 48. Qxf6+ Kxf6 49. Kxh5 Ke5 50. Kg4 f5+ 51. Kf3 f4 52. Kf2 Kf5 53.
Kf3 h6 54. Kf2 Kg4 55. Kg2 f3+ 56. Kf2 Kf4 57. Kf1 Kg3 58. Kg1 f2+ 59. Kf1 h5
{White resigns} 0-1

[Event "Team 45 45 League T33"]
[Site "Internet Chess Club"]
[Date "2007.04.21"]
[Round "1"]
[White "hewdondada"]
[Black "DeLaSalle"]
[Result "1/2-1/2"]
[WhiteElo "1817"]
[BlackElo "1990"]
[ECO "A40"]
[TimeControl "2700+45"]

1. d4 e6 2. Nf3 b6 3. e4 Bb7 4. Nbd2 Nf6 5. Bd3 d5 6. e5 Nfd7 7. O-O c5 8. c3
Nc6 9. a3 cxd4 10. cxd4 Be7 11. b4 O-O 12. Re1 Re8 13. Bb2 Rc8 14. Rc1 f6 15.
exf6 Bxf6 16. Ne5 Ncxe5 17. dxe5 Rxc1 18. Qxc1 Bg5 19. Qc2 Nf8 20. Nf3 Bh6 21.
Nd4 a6 22. Qe2 b5 23. Bc1 Bxc1 24. Rxc1 Qd7 25. h4 Rc8 26. Qd2 Rxc1+ 27. Qxc1
Qc8 28. Qxc8 Bxc8 29. Be2 Ng6 30. Nf3 h6 31. g3 Kf7 32. Kf1 Ke7 33. Ke1 Bd7 34.
Kd2 Be8 35. Kc3 Kd7 36. Kd4 Kc6 37. Nd2 Nf8 38. Nb3 Nd7 39. f4 Bg6 40. g4 Bc2
41. Kc3 Bxb3 42. Kxb3 Nb6 43. Kc3 Nc4 44. Bxc4 dxc4 45. Kd4 Kd7 46. h5 Ke7 47.
Ke3 Kf7 48. f5 exf5 49. gxf5 Ke7 50. Kd4 Kd7 51. Kc3 Ke7 {Game drawn by mutual
agreement} 1/2-1/2

[Event "Team 45 45 League T33"]
[Site "Internet Chess Club"]
[Date "2007.04.22"]
[Round "1"]
[White "BlackHorse"]
[Black "primerpaso"]
[Result "0-1"]
[WhiteElo "1763"]
[BlackElo "1825"]
[ECO "A70"]
[TimeControl "2700+45"]

1. d4 Nf6 2. c4 e6 3. Nf3 c5 4. d5 exd5 5. cxd5 d6 6. Nc3 g6 7. e4 Bg7 8. Bb5+
Bd7 9. Qe2 O-O 10. O-O Bxb5 11. Qxb5 Qc7 12. a4 Nbd7 13. h3 a6 14. Qb3 Rfe8 15.
Qc2 Re7 16. Bf4 Rae8 17. Rfe1 Nh5 18. Bh2 Ne5 19. Nd2 c4 20. Re2 Nd3 21. Rd1
Nhf4 22. Re3 Bd4 23. Rf3 g5 24. Nf1 Qc5 25. Ng3 b5 26. axb5 axb5 27. Nf5 Rb7 28.
Nxd4 Qxd4 29. Bxf4 gxf4 30. Rxf4 b4 31. Ne2 Qxb2 32. Rg4+ Kf8 33. Qxc4 Ne5 34.
Qa6 Nxg4 35. hxg4 Rd7 36. Ng3 Qc2 37. Re1 b3 38. Qb5 Rde7 39. Qb4 b2 40. Qd4 Re5
41. Qb4 Rxe4 42. Qxd6+ Kg8 43. Nxe4 Qxe4 {White resigns} 0-1

[Event "Team 45 45 League T33"]
[Site "Internet Chess Club"]
[Date "2007.04.21"]
[Round "1"]
[White "valipop"]
[Black "kostasgr"]
[Result "1-0"]
[WhiteElo "2076"]
[BlackElo "2148"]
[ECO "B01"]
[TimeControl "2700+45"]

1. e4 d5 2. exd5 Qxd5 3. Nc3 Qa5 4. d4 Nf6 5. Bd3 c6 6. Ne2 Bg4 7. O-O e6 8. Bd2
Nbd7 9. Qe1 Qc7 10. f3 Bh5 11. Bf4 Bd6 12. Qh4 O-O-O 13. b4 Bg6 14. b5 Bxd3 15.
cxd3 Bxf4 16. Nxf4 cxb5 17. Nxb5 Qa5 18. Nd6+ Kb8 19. Nxf7 Rdf8 20. Nxh8 g5 21.
Qg3 gxf4 22. Qxf4+ e5 23. dxe5 Qxe5 24. Qxe5+ Nxe5 25. Rfe1 Nxd3 26. Re7 Rxh8
27. Rf7 Nd5 28. Rd7 N5b4 29. a3 Nc5 30. Re7 Nc6 31. Rf7 h5 32. h4 a5 33. Rb1 Nd4
34. Kh2 Ka7 35. Rd1 Rd8 36. Kh3 Nce6 37. Rb1 Nc5 38. Rd1 a4 39. Rf4 Nce6 40. Re4
b5 41. g4 Kb6 42. g5 Kc5 43. f4 Rf8 44. Rf1 Rf5 45. Kg3 Kd5 46. Rfe1 Rf8 47.
Re5+ Kd6 48. R5e4 Rc8 49. g6 Rg8 50. Rxe6+ Nxe6 51. f5 Nd4 52. Kf4 Kd5 53. Rd1
Kc4 54. Kg5 Nf3+ 55. Kxh5 Rh8+ 56. Kg4 Nxh4 57. Rb1 Ng2 58. f6 Ne3+ 59. Kg5 Nd5
60. f7 {Black resigns} 1-0

[Event "Team 45 45 League T33"]
[Site "Internet Chess Club"]
[Date "2007.04.21"]
[Round "1"]
[White "Hazy"]
[Black "Terte"]
[Result "1-0"]
[WhiteElo "1932"]
[BlackElo "1970"]
[ECO "B34"]
[TimeControl "2700+45"]

1. e4 c5 2. Nf3 Nc6 3. d4 cxd4 4. Nxd4 Nf6 5. Nc3 g6 6. Be3 Bg7 7. Be2 O-O 8.
Qd2 d5 9. Nxc6 bxc6 10. e5 Nd7 11. f4 e6 12. h4 a6 13. h5 c5 14. Bf2 Re8 15. Qd3
Rb8 16. O-O-O Qb6 17. b3 Qb4 18. hxg6 fxg6 19. Qg3 Bb7 20. Be1 Qa3+ 21. Kb1 Bc6
22. Ka1 c4 23. Nb1 Qc5 24. Bf2 cxb3 25. cxb3 Qa5 26. Qh3 Nf8 27. Qc3 Qxc3+ 28.
Nxc3 a5 29. Rc1 Rec8 30. Bf3 g5 31. g3 gxf4 32. gxf4 Ng6 33. Be3 Ba8 34. Ne2 h6
35. Nd4 Nf8 36. Kb2 Kf7 37. Bh5+ Ke7 38. Rcg1 Bh8 39. Bf3 Kf7 40. Rxh6 Bg7 41.
Bh5+ Kg8 42. Rf6 Kh8 43. Rf7 Rb7 44. Rgxg7 Rxf7 45. Rxf7 {Black resigns} 1-0

[Event "Team 45 45 League T33"]
[Site "Internet Chess Club"]
[Date "2007.04.22"]
[Round "1"]
[White "andreip"]
[Black "chiiwen"]
[Result "1-0"]
[WhiteElo "1941"]
[BlackElo "1931"]
[ECO "A10"]
[TimeControl "2700+45"]

1. c4 f5 2. Nc3 Nf6 3. d3 e6 4. g3 d5 5. cxd5 exd5 6. Bg2 c6 7. d4 Bd6 8. e3 O-O
9. Nf3 Ne4 10. O-O Nd7 11. a3 Ndf6 12. Ne1 Be6 13. Nd3 Re8 14. f4 Bf7 15. Ne5
Nxc3 16. bxc3 Bh5 17. Qb3 Qb6 18. Rb1 Qxb3 19. Rxb3 Be2 20. Rf2 Ba6 21. Bf1 Bxf1
22. Kxf1 Re7 23. Rfb2 Ne4 24. Ke2 Bxe5 25. fxe5 b5 26. Kd3 h5 27. a4 a6 28. Ra2
c5 29. Rb1 c4+ 30. Kc2 Rb8 31. axb5 axb5 32. Ra5 Reb7 33. Ba3 Kf7 34. Bb4 Ke6
35. Rba1 g6 36. Ra6+ Rb6 37. Ra7 R8b7 38. R1a6 Rxa6 39. Rxa6+ Kf7 40. e6+ Kf6
41. e7+ Kf7 42. Ra8 Rxe7 43. Bxe7 Kxe7 44. Rb8 Nd6 45. Kb2 Ne4 46. Rxb5 Ke6 47.
Rb6+ Kf7 48. Rb7+ Ke6 49. Rb8 Kf7 50. Rd8 Ke6 51. Re8+ Kf7 52. Re5 Nf6 53. h3
Ne4 54. Rxd5 Nxg3 55. Re5 Ne4 56. h4 Nf2 57. Rc5 Nd1+ 58. Kc2 Nxe3+ 59. Kd2 f4
60. Ke2 Ng2 61. Kf3 Nxh4+ 62. Kxf4 Ng2+ 63. Kg3 Ne3 64. Kf3 Nf5 65. Rxc4 g5 66.
Rc6 g4+ 67. Kf4 Ne7 68. Rc5 Kg6 69. c4 {Black resigns} 1-0

[Event "Team 45 45 League T33"]
[Site "Internet Chess Club"]
[Date "2007.04.22"]
[Round "1"]
[White "HoHo"]
[Black "gezira"]
[Result "1-0"]
[WhiteElo "1744"]
[BlackElo "1869"]
[ECO "B46"]
[TimeControl "2700+45"]

1. e4 c5 2. Nf3 e6 3. d4 cxd4 4. Nxd4 Nc6 5. Nc3 a6 6. f4 Qc7 7. Nf3 Bb4 8. Bd2
Nge7 9. Qc1 b5 10. a3 Ba5 11. Bd3 Bb7 12. Ne2 Bb6 13. Be3 d5 14. e5 O-O 15. Bxb6
Qxb6 16. g4 Na5 17. f5 Rac8 18. f6 Ng6 19. Ned4 Nxe5 20. Nxe5 gxf6 21. Qh6 f5
22. Nd7 Qxd4 23. Nf6+ Qxf6 24. Qxf6 Rfe8 25. O-O Nc4 26. gxf5 Rc7 27. fxe6 fxe6
28. Bxc4 Rg7+ 29. Kf2 Rf7 30. Qxf7+ Kxf7 31. Ke3+ Ke7 32. Bd3 e5 33. Bxh7 Rh8
34. Bg6 Rh3+ 35. Ke2 Rxh2+ 36. Rf2 Rh6 37. Rf7+ Kd6 38. Rxb7 Rxg6 39. Rb6+
{Black resigns} 1-0

[Event "Team 45 45 League T33"]
[Site "Internet Chess Club"]
[Date "2007.04.20"]
[Round "1"]
[White "willdawg"]
[Black "chickenhead"]
[Result "1-0"]
[WhiteElo "2072"]
[BlackElo "1900"]
[ECO "C11"]
[TimeControl "2700+45"]

1. e4 e6 2. d4 d5 3. Nc3 Nf6 4. e5 Nfd7 5. f4 c5 6. Nf3 Nc6 7. Be3 b6 8. Qd2 Bb7
9. O-O-O cxd4 10. Nxd4 Nxd4 11. Bxd4 Rc8 12. f5 Be7 13. f6 gxf6 14. Bb5 fxe5 15.
Bxe5 Rg8 16. Qd3 Rg6 17. h4 Bxh4 18. Ne4 dxe4 19. Qxd7+ Qxd7 20. Bxd7+ Kf8 21.
Rxh4 {Black resigns} 1-0

[Event "Team 45 45 League T33"]
[Site "Internet Chess Club"]
[Date "2007.04.21"]
[Round "1"]
[White "fearlessone"]
[Black "xenocide"]
[Result "0-1"]
[WhiteElo "1846"]
[BlackElo "1812"]
[ECO "A23"]
[TimeControl "2700+45"]

1. c4 e5 2. Nc3 Nf6 3. g3 c6 4. e4 Bb4 5. Nge2 d6 6. a3 Ba5 7. Bg2 Bg4 8. b4 Bb6
9. O-O Qd7 10. d3 h5 11. Be3 h4 12. d4 hxg3 13. f3 gxh2+ 14. Kh1 Be6 15. c5 dxc5
16. dxc5 Bc7 17. Qe1 Bh3 18. Rf2 Bxg2+ 19. Rxg2 Qd3 20. Qf2 g6 21. Rd1 Qc2 22.
Bg5 Nbd7 23. Rxh2 Rxh2+ 24. Kxh2 O-O-O 25. Qh4 Nh5 26. Rd2 Qb3 27. Bxd8 Bxd8 28.
Qe1 Bg5 29. Rd6 Be7 30. Rd2 Nf4 31. Nxf4 exf4 32. Ne2 Qxf3 33. Ng1 Qh5+ 34. Kg2
Ne5 35. Qd1 Qg5+ 36. Kf1 Qg3 37. Rg2 Qxa3 38. Qd4 Qc1+ 39. Kf2 Bh4+ 40. Ke2 Qe1#
{White checkmated} 0-1